 Dungeon Crawl Stone Soup version 0.32-a0-913-g739538afd8 (webtiles) character file.

Game seed: 17323043635719150321

101 Fractals the Grasshopper (level 4, -1/34 HPs)
             Began as a Demonspawn Wanderer on Apr 8, 2024.
             Incinerated by a bombardier beetle (5 damage)
             ... with a burning spray
             ... on level 3 of the Dungeon.
             The game lasted 00:05:25 (1943 turns).

Fractals the Grasshopper (Demonspawn Wanderer)      Turns: 1943, Time: 00:05:26

Health: -1/34      AC:  3    Str: 12    XL:     4   Next: 48%
Magic:  6/7        EV: 10    Int: 16    God:
Gold:   109        SH:  3    Dex: 11    Spells: 6/7 levels left

rFire   . . .        m - +2 hand axe (elec)
rCold   . . .        d - +0 buckler
rNeg    . . .        c - +0 robe
rPois   .            (helmet restricted)
rElec   .            f - +0 cloak
rCorr   .            (no gloves)
SInv    .            (no boots)
Will    .....        (no amulet)
Stlth   +            (no ring)
HPRegen 0.25/turn    (no ring)
MPRegen 0.20/turn

%: no passive effects
@: on fire, glowing
A: horns 1, magic regeneration
a: no special abilities


You were on level 3 of the Dungeon.
You visited 1 branch of the dungeon, and saw 3 of its levels.

You collected 109 gold pieces.

Inventory:

Hand Weapons
 m - a +2 hand axe of electrocution (weapon)
Armour
 c - a +0 robe (worn)
 d - a +0 buckler (worn)
 f - a +0 cloak (worn)
Magical Staves
 a - a staff of conjuration
 l - a staff of death
Scrolls
 b - 2 scrolls of teleportation
 e - a scroll of identify {unknown}
 g - a scroll of noise {unknown}
 h - 2 scrolls of fog {unknown}
 k - a scroll of immolation
 n - a scroll of acquirement {unknown}
Potions
 i - a potion of heal wounds {unknown}
 j - a potion of cancellation {unknown}


   Skills:
 + Level 2.8 Fighting
 - Level 1.7 Dodging
 - Level 2.0 Stealth
 - Level 1.0 Shields
 - Level 2.0 Spellcasting
 + Level 2.9 Translocations
 - Level 1.0 Air Magic
 - Level 1.0 Evocations


You had 6 spell levels left.
You knew the following spells:

 Your Spells              Type           Power      Damage    Failure   Level
a - Apportation           Tloc           22%        N/A       9%          1

Your spell library contained the following spells:

 Spells                   Type           Power      Damage    Failure   Level
 Teleport Other           Tloc           11%        N/A       26%         3
 Static Discharge         Conj/Air       6%         3-4/arc   34%         2
 Cigotuvi's Dreadful Rot  Necr/Alch/Air  4%         N/A       36%         2
 Iskenderun's Mystic Bla Conj/Tloc 6%             2d4        (+2d1     85%         4


Dungeon Overview and Level Annotations

Branches:
Dungeon (3/15)

Altars:


Innate Abilities, Weirdness & Mutations

You have a pair of small horns on your head.
You regenerate magic rapidly.


Message History

The bombardier beetle moves out of view.
The bombardier beetle barely misses you.
You hit the bombardier beetle.
The bombardier beetle is lightly wounded.
The bombardier beetle barely misses you.
You hit the bombardier beetle.
The bombardier beetle is moderately wounded.
You hit the bombardier beetle but do no damage.
The bombardier beetle is moderately wounded.
The bombardier beetle sprays incendiary fluid at you.
The burning spray hits you.
You are covered in liquid fire!
You hit the bombardier beetle.
The bombardier beetle is severely wounded.
The liquid fire burns you!
The bombardier beetle sprays incendiary fluid at you.
The burning spray hits you.
You are even more covered in liquid fire!
You hit the bombardier beetle.
The bombardier beetle is almost dead.
The liquid fire burns you!
You block the bombardier beetle's attack.
You hit the bombardier beetle.
You kill the bombardier beetle!
The liquid fire burns you!
Training target 2.0 for Spellcasting reached!
Your Spellcasting skill increases to level 2!
You need to enable at least one skill for training.
You are on fire!
You shake off some of the fire as you move.
The liquid fire burns you!
You shake off some of the fire as you move.
The liquid fire burns you!
* * * LOW HITPOINT WARNING * * *
You shake off some of the fire as you move.
The liquid fire burns you!
* * * LOW HITPOINT WARNING * * *
You shake off some of the fire as you move.
The liquid fire burns you!
You die...

#...........
####.####### #.#
#######.#
#...)...#
#.####### #.#
.#########.##
.......@....#
##########.†###
#.....# #.###.#
#.# .#
#.###.######
#...........
........#..#####
#########..#


There were no monsters in sight!

Vanquished Creatures
  A bombardier beetle (D:3)
  Jessica (D:2)
  An adder (D:2)
  5 bats
  2 endoplasms (D:1)
  4 goblins (D:1)
  3 hobgoblins
  9 ball pythons
  7 kobolds
  5 rats
  A spectral goblin (D:2)
39 creatures vanquished.

Notes
Turn   | Place    | Note
-------+----------+-------------------------------------------
     0 | D:1      | Fractals the Demonspawn Wanderer began the quest for the
                  | Orb.
     0 | D:1      | Fractals set off with the following items: a +0 club, a
                  | scroll of teleportation, a +0 robe, a +0 buckler; and the
                  | following spell memorised: Apportation; and the following
                  | spells available to memorise: Teleport Other, Static
                  | Discharge, Cigotuvi's Dreadful Rot, Iskenderun's Mystic
                  | Blast.
     0 | D:1      | Reached XP level 1. HP: 13/13 MP: 2/2
   254 | D:1      | Reached skill level 1 in Fighting
   262 | D:1      | Gained mutation: You regenerate magic rapidly. [demonic
                  | ancestry]
   262 | D:1      | Reached XP level 2. HP: 10/21 MP: 3/3
  1172 | D:2      | Found a faded altar of an unknown god.
  1229 | D:2      | Gained mutation: You have a pair of small horns on your
                  | head. [demonic ancestry]
  1229 | D:2      | Reached XP level 3. HP: 18/27 MP: 4/4
  1281 | D:2      | Noticed Jessica
  1287 | D:2      | Killed Jessica
  1537 | D:2      | Reached XP level 4. HP: 34/34 MP: 6/6
  1943 | D:3      | Incinerated by a bombardier beetle

Illustrated notes

Levels and vault maps discovered:
D:1:      lemuel_arrival_behind_the_door_large, layout_basic
D:2:      layout_loops_ring, dreamdust_ecumenical_altar_drowned_temple,
          corexii_item_surrounded_by_moat, hangedman_decor_diamond_cutter,
          uniq_jessica
D:3:      layout_loops_ring, serial_shops, nicolae_shop_behind_doors

Skill      XL: |  1  2  3  4 |
---------------+-------------+-----
Fighting       | 1 2 |  2.8
Stealth        | 2 |  2.0
Spellcasting   | 2 |  2.0
Dodging        | |  1.7
Shields        | |  1.0
Translocations | |  2.9
Air Magic      | |  1.0
Evocations     | |  1.0

Action                     |  1- 3 |  4- 6 || total
---------------------------+-------+-------++-------
  Melee: Short sword       |    78 |       ||    78
         Club              |     2 |       ||     2
         Hand axe          |    21 |    16 ||    37
         Headbutt          |     1 |     1 ||     2
    Use: Scroll            |       |     1 ||     1
   Stab: Sleeping          |     3 |       ||     3
 Armour: Robe              |    68 |    10 ||    78
  Dodge: Dodged            |    47 |    11 ||    58
  Block: Buckler           |    19 |     1 ||    20

Table legend: (Time is in decaauts)
 A = Elapsed time spent in this place.
 B = Non-inter-level travel time spent in this place.
 C = Inter-level travel time spent in this place.
 D = Time resting spent in this place.
 E = Time spent auto-exploring this place.
 F = Levels seen in this place.
 G = Mean time per level.
                   A        B        C        D        E       F      G
               +--------+--------+--------+--------+--------+-----+--------+
         Total |   1964 |   1909 |     55 |    519 |    813 |   3 |  654.7 |
       Dungeon |   1964 |   1909 |     55 |    519 |    813 |   3 |  654.7 |
               +--------+--------+--------+--------+--------+-----+--------+

Top non-repeatable levels by time:
     D:1: 1085 daAuts
     D:2: 767 daAuts
     D:3: 110 daAuts
